 Dungeon Crawl Stone Soup version 0.22-a0-21-g9421e3f (webtiles) character file.

31322 kibaces the Grappler (level 13, -3/137 HPs)
             Began as a Troll Monk on Jan 2, 2018.
             Was a High Priest of Wu Jian.
             Slain by Uhlv's ghost (23 damage)
             ... on level 1 of the Orcish Mines.
             The game lasted 00:50:44 (15497 turns).

kibaces the Grappler (Troll Monk)                  Turns: 15497, Time: 00:50:44

Health: -3/137     AC: 11    Str: 23    XL:     13   Next: 25%
Magic:  12/12      EV: 20    Int:  6    God:    Wu Jian [*****.]
Gold:   1019       SH:  0    Dex: 22    Spells: 12/12 levels left

rFire    + . .     SeeInvis .     - Unarmed
rCold    + . .     Gourm    +   (no shield)
rNeg     . . .     Faith    .   y - +0 steam dragon scales
rPois    .         Spirit   .   (helmet restricted)
rElec    .         Reflect  .   D - +2 cloak
rCorr    .         Harm     .   (gloves unavailable)
MR       .....                  (boots unavailable)
Stlth    ++........             e - amulet "Panoed" {Regen+ Dex+7}
HPRegen  1.12/turn              m - ring of protection from cold
MPRegen  0.13/turn              r - ring of protection from fire

@: no status effects
A: large, unfitting armour, claws 3, fast metabolism 3, gourmand, regeneration
1, shaggy fur 1, tough skin 2
a: Wall jump, Serpent's Lash, Heavenly Storm, Renounce Religion


You were on level 1 of the Orcish Mines.
You worshipped Wu Jian.
Wu Jian was extremely pleased with you.
You were full.

You visited 4 branches of the dungeon, and saw 16 of its levels.
You also visited: Ice Cave.

You collected 1019 gold pieces.

Inventory:

Armour
 y - +0 steam dragon scales (worn)
 D - a +2 cloak (worn)
Jewellery
 e - the amulet "Panoed" (around neck) {Regen+ Dex+7}
   (You found it in an ice cave)

   [amulet of regeneration]

   It affects your dexterity (+7).
   It increases your rate of regeneration.
 m - a ring of protection from cold (left claw)
 p - an uncursed ring of magical power
 r - a ring of protection from fire (right claw)
 u - an uncursed amulet of harm {unknown}
 A - an uncursed amulet of guardian spirit
 J - a cursed ring of ice
Wands
 f - a wand of polymorph (10)
 k - a wand of iceblast (24)
 s - a wand of disintegration (19)
 z - a wand of flame (70)
 G - a wand of acid (4)
Scrolls
 d - 8 scrolls of teleportation
 j - 13 scrolls of remove curse
 l - a scroll of brand weapon {unknown}
 n - 2 scrolls of fog
 o - a scroll of magic mapping
 q - 4 scrolls of blinking
 C - 2 scrolls of identify
 E - a scroll of amnesia
 F - 2 scrolls of fear
Potions
 a - 2 potions of magic
 c - 2 potions of resistance
 g - a potion of invisibility
 h - 3 potions of might
 i - 2 potions of lignification
 t - 2 potions of flight
 v - a potion of ambrosia
 w - 8 potions of curing
 x - a potion of berserk rage
 I - 2 potions of mutation
Comestibles
 b - 29 rations


   Skills:
 + Level 11.4 Fighting
 + Level 11.3 Dodging
 - Level 1.0 Stealth
 + Level 13.2 Unarmed Combat


You had 12 spell levels left.
You didn't know any spells.

Dungeon Overview and Level Annotations

Branches:
Dungeon (11/15)            Temple (1/1) D:6            Lair (3/6) D:11
  Snake (0/4) Lair:3          Orc (1/2) D:10
  Swamp: Lair:2-4    Shoals: Lair:2-4

Altars:
Ashenzari
Cheibriados
Dithmenos
Elyvilon
Fedhas
Gozag
Hepliaklqana
Kikubaaqudgha
Makhleb
Nemelex Xobeh
Okawaru
Qazlal
Ru
Sif Muna
Trog
Uskayaw
Vehumet
Wu Jian
Xom
Yredelemnul
Zin
The Shining One

Shops:
D:10 %

Annotations:
Orc:1 Uhlv's ghost, journeyman MiBe


Innate Abilities, Weirdness & Mutations

You are too large for most types of armour.
You have claws for hands.
Your metabolism is lightning-fast.
You like to eat raw meat.
Your natural rate of healing is unusually fast.
You are covered in fur. (AC +1)
You have very tough skin. (AC +2)


Message History

You kill the orc!
The Council accepts your kill.
The orc warrior hits you but does no damage.
The orc misses you.
You closely miss Uhlv's ghost. The orc barely misses you. x2
Uhlv's ghost hits you!!
You barely miss Uhlv's ghost. The orc hits you but does no damage.
The orc warrior hits you with a war axe!
The orc closely misses you. The orc misses you.
You mangle Uhlv's ghost!! Your claw misses Uhlv's ghost.
Uhlv's ghost is lightly damaged.
Uhlv's ghost hits you!!
* * * LOW HITPOINT WARNING * * *
The orc hits you but does no damage. The orc warrior misses you.
You barely miss Uhlv's ghost.
Uhlv's ghost is lightly damaged.
The orc barely misses you. The orc hits you with a morningstar.
* * * LOW HITPOINT WARNING * * *
Uhlv's ghost hits you!!
You die...

..$.... ......#
....#.. .$....#.#
.#.#... ...#$....
..#.... .........
#.....#........#
..#......>.......
......oo).......#
.....#@##.....##
......ooW<......#
.......).........
.#.#...$........#
#.....#.........#
....###.......##
##.## ...(...#.#
## ..#......$
#.........


You could see an orc warrior, Uhlv's ghost and 3 orcs.

Vanquished Creatures
  A frost giant (IceCv)
  2 hydras (Lair:3)
  6 two-headed ogres
  A death yak (IceCv)
  The ghost of Cenon the Martial Artist, a novice DgTm (D:8)
  The ghost of Phong the Magician, a novice OpWz of Sif Muna (D:10)
  The ghost of adept the Vexing, a novice GnAM (D:4)
  A cyclops (D:11)
  An elephant (Lair:2)
  An ice statue (IceCv)
  4 spiny frogs
  A yaktaur (D:10)
  2 kobold demonologists (D:11)
  2 komodo dragons
  A troll (D:10)
  15 polar bears (IceCv)
  Prince Ribbit (D:7)
  15 blink frogs
  2 hippogriffs
  27 yaks
  A wyvern (D:11)
  4 hungry ghosts
  A steam dragon (D:9)
  3 wargs (Orc:1)
  7 water moccasins
  2 soldier ants (D:9)
  4 orc warriors
  2 porcupines (Lair:1)
  An ice beast (D:5)
  6 ogres
  2 eyes of draining (D:3)
  2 necrophages
  3 phantoms
  2 centaurs
  A crocodile (Lair:1)
  15 wolves
  8 bullfrogs
  4 big kobolds
  A scorpion (D:6)
  7 killer bees
  14 wights
  2 electric eels (Lair:1)
  6 crimson imps
  A quasit (D:7)
  2 jellies
  4 hounds
  A gnoll shaman (D:5)
  12 orc priests
  10 orc wizards
  4 bullfrog skeletons
  5 iguanas
  11 worker ants
  A killer bee zombie (D:8)
  A worker ant zombie (D:6)
  4 gnolls
  2 howler monkey skeletons
  11 adders
  5 shadow imps
  An adder zombie (D:9)
  An adder skeleton (D:9)
  A worm (D:2)
  5 leopard geckos
  39 orcs
  4 ball pythons
  7 bats
  5 giant cockroaches
  10 goblins
  6 hobgoblins
  6 jackals
  20 kobolds
  4 quokkas
  10 frilled lizards
  A leopard gecko skeleton (D:9)
  A quokka skeleton (D:4)
  8 rats
387 creatures vanquished.

Vanquished Creatures (others)
  A yak (IceCv)
  3 wolves (IceCv)
  A jackal (D:4)
  3 fungi (Lair:3)
  2 plants (D:11)
10 creatures vanquished.

Grand Total: 397 creatures vanquished

Notes
Turn   | Place    | Note
-------+----------+-------------------------------------------
     0 | D:1      | kibaces the Troll Monk began the quest for the Orb.
     0 | D:1      | Reached XP level 1. HP: 22/22 MP: 0/0
    95 | D:1      | Reached XP level 2. HP: 29/29 MP: 1/1
   912 | D:2      | Reached XP level 3. HP: 36/36 MP: 2/2
  1232 | D:2      | Reached XP level 4. HP: 43/45 MP: 3/3
  1693 | D:3      | Reached skill level 4 in Unarmed Combat
  1767 | D:3      | Found a snail-covered altar of Cheibriados.
  1805 | D:3      | Reached XP level 5. HP: 51/53 MP: 4/4
  1996 | D:3      | Noticed an eye of draining
  1998 | D:3      | Found a bloodstained altar of Trog.
  1999 | D:3      | Noticed an eye of draining
  2009 | D:3      | Killed an eye of draining
  2009 | D:3      | Reached XP level 6. HP: 62/62 MP: 0/5
  2186 | D:3      | Reached skill level 5 in Unarmed Combat
  2237 | D:4      | Found a radiant altar of Vehumet.
  2404 | D:4      | Noticed adept's ghost (novice GnAM)
  2638 | D:4      | Reached XP level 7. HP: 71/71 MP: 6/6
  2679 | D:4      | Found a blossoming altar of Fedhas.
  2949 | D:4      | Found a glowing golden altar of the Shining One.
  2976 | D:4      | Found a basalt altar of Yredelemnul.
  2978 | D:4      | Found an iron altar of Okawaru.
  2979 | D:4      | Found a stormy altar of Qazlal.
  2997 | D:4      | Found a white marble altar of Elyvilon.
  3167 | D:5      | Entered Level 5 of the Dungeon
  3415 | D:5      | HP: 2/71 [ice beast (12)]
  3813 | D:4      | Reached skill level 5 in Dodging
  3813 | D:4      | Reached skill level 6 in Unarmed Combat
  3835 | D:4      | Reached skill level 5 in Fighting
  3835 | D:4      | Reached XP level 8. HP: 53/80 MP: 7/7
  3963 | D:4      | Killed adept's ghost
  4257 | D:5      | Found a sparkling altar of Nemelex Xobeh.
  4278 | D:5      | HP: 4/83 [gnoll/halberd (4)]
  4534 | D:4      | Reached skill level 7 in Unarmed Combat
  5055 | D:6      | Found a staircase to the Ecumenical Temple.
  5084 | Temple   | Entered the Ecumenical Temple
  5170 | D:6      | Reached XP level 9. HP: 80/89 MP: 8/8
  5754 | D:7      | Found a hide-covered altar of Uskayaw.
  5779 | D:7      | Noticed a dagger
  5780 | D:7      | Noticed a hand axe
  5790 | D:7      | Reached skill level 8 in Unarmed Combat
  5899 | D:7      | Found an ornate altar of the Wu Jian Council.
  5910 | D:7      | Became a worshipper of the Wu Jian Council
  5910 | D:7      | Reached * piety under Wu Jian
  5910 | D:7      | Reached ** piety under Wu Jian
  6025 | D:6      | HP: 3/138 [yak (9)]
  6429 | D:7      | Reached XP level 10. HP: 102/102 MP: 9/9
  6694 | D:7      | Noticed Prince Ribbit
  6704 | D:7      | Killed Prince Ribbit
  6704 | D:7      | Reached skill level 9 in Unarmed Combat
  7120 | D:8      | Noticed a two-headed ogre
  7131 | D:8      | Killed a two-headed ogre
  7233 | D:8      | Noticed a two-headed ogre
  7575 | D:8      | Noticed Cenon's ghost (novice DgTm)
  7586 | D:8      | Killed Cenon's ghost
  7723 | D:8      | Reached *** piety under Wu Jian
  7798 | D:8      | Killed a two-headed ogre
  7798 | D:8      | Reached skill level 10 in Unarmed Combat
  8019 | D:9      | Found a glowing silver altar of Zin.
  8201 | D:9      | Found a shadowy altar of Dithmenos.
  8260 | D:9      | Reached XP level 11. HP: 73/113 MP: 10/10
  8400 | D:9      | Got a fine arbalest
  8401 | D:9      | Identified the +4 arbalest of the Apocalypse {flame, rC+} (You took it off a crimson imp on level 9 of the Dungeon)
  8437 | D:9      | Noticed a two-headed ogre
  8442 | D:9      | Killed a two-headed ogre
  8778 | D:9      | Noticed a two-headed ogre
  8791 | D:9      | Killed a two-headed ogre
  9042 | D:10     | Entered Level 10 of the Dungeon
  9070 | D:10     | Noticed Phong's ghost (novice OpWz)
  9088 | D:10     | Killed Phong's ghost
  9602 | D:10     | Found Xeirgh's Food Shop.
 10026 | D:10     | Found a staircase to the Orcish Mines.
 10236 | D:11     | Reached **** piety under Wu Jian
 10267 | D:11     | Reached skill level 11 in Unarmed Combat
 10522 | D:11     | Noticed a two-headed ogre
 10539 | D:11     | Killed a two-headed ogre
 10746 | D:11     | Found a staircase to the Lair.
 11097 | D:11     | Noticed a two-headed ogre
 11108 | D:11     | Killed a two-headed ogre
 11265 | Lair:1   | Entered Level 1 of the Lair of Beasts
 11798 | Lair:1   | Reached skill level 10 in Fighting
 11798 | Lair:1   | Reached XP level 12. HP: 119/126 MP: 11/11
 11811 | Lair:1   | Reached skill level 10 in Dodging
 13124 | Lair:2   | Reached skill level 12 in Unarmed Combat
 13581 | Lair:3   | Noticed a four-headed hydra
 13695 | Lair:3   | Found a frozen archway.
 13705 | IceCv    | Entered an ice cave
 14096 | IceCv    | Got a translucent graven amulet
 14097 | IceCv    | Identified the amulet "Panoed" {Regen+ Dex+7} (You found it in an ice cave)
 14348 | IceCv    | Reached ***** piety under Wu Jian
 14528 | IceCv    | Noticed a death yak
 14528 | IceCv    | Noticed a frost giant
 14544 | IceCv    | Killed a frost giant
 14562 | IceCv    | Killed a death yak
 14562 | IceCv    | Reached XP level 13. HP: 68/137 MP: 12/12
 14574 | IceCv    | Reached skill level 13 in Unarmed Combat
 15093 | Lair:3   | Found a staircase to the Snake Pit.
 15456 | Orc:1    | Entered Level 1 of the Orcish Mines
 15482 | Orc:1    | Noticed Uhlv's ghost (journeyman MiBe)
 15497 | Orc:1    | Slain by Uhlv's ghost

Vault maps used:
D:1:      dpeg_arrival_simpleton_c, supply_closet_lemuel, minmay_lizard_pond
D:2:      first_ration
D:3:      cheibriados_altar_1, trog_eyes_of_draining
D:4:      nicolae_tso_swordbearing_angel, fiery_altar_vehumet,
          nicolae_overflow_quartered_altars, fedhas_altar_fruit_tree
D:5:      overflow_temple_1_default, minmay_crystal_water,
          guppyfry_early_orc_mine
D:6:      minmay_temple_entry_statues
D:7:      dancing_weapons_uskayaw, lemuel_round_altar, uniq_prince_ribbit1
D:9:      overflow_temple_1_default, hangedman_pestilent_swarm,
          grunt_dithmenos_shadows
D:10:     orc_0_dummy, serial_shops, kennysheep_mini,
          mumra_transporter_accident, minmay_misc_feat_pillars
D:11:     david_lair_shrubbed
Temple:   eino_wide_crystal_templ
Lair:1:   infiniplex_staircase_pool
Lair:3:   guppyfry_snake_entry_island, portal_ice_cave_entry_pillars_2,
          lemuel_fruit_fields
Orc:1:    uniq_urug
IceCv:    ice_cave_caverns_02

Skill      XL: |  1  2  3  4  5  6  7  8  9 10 11 12 13 |
---------------+----------------------------------------+-----
Fighting       | 3 4 5 6 7 8 10 11 | 11.4
Dodging        | 3 4 5 6 7 8 9 11 | 11.3
Unarmed Combat | 4 5 6 7 8 10 11 12 13 | 13.2
Stealth        | |  1.0

Action                   |  1- 3 |  4- 6 |  7- 9 | 10-12 | 13-15 || total
-------------------------+-------+-------+-------+-------+-------++-------
Melee: Unarmed           |   116 |   150 |   307 |   739 |   105 ||  1417
       Punch             |       |     2 |    13 |    46 |    11 ||    72
Invok: Wall jump         |       |       |     3 |    42 |     4 ||    49
       Lunge             |       |       |     3 |    34 |     3 ||    40
       Whirlwind         |       |       |     3 |    37 |    11 ||    51
Evoke: Wand              |       |       |       |     4 |       ||     4
  Use: Scroll            |       |     7 |     5 |    17 |     2 ||    31
       Potion            |       |       |     7 |     2 |       ||     9
 Stab: Sleeping          |     2 |     2 |       |     6 |       ||    10
  Eat: Chunk             |    15 |    15 |    34 |    70 |     6 ||   140
       Ration            |       |       |       |     6 |       ||     6
Armor: Robe              |    45 |    54 |    58 |    33 |       ||   190
       Skin              |       |       |     8 |       |       ||     8
       Steam dragon scal |       |       |       |   131 |    40 ||   171
Dodge: Dodged            |    62 |    92 |   219 |   534 |   161 ||  1068

Table legend:
 A = Spawn XP
 B = Non-spawn XP
 C = Spawn XP percentage of total XP
 D = Spawn monster count
 E = Non-spawn monster count
 F = Spawn count percentage of total count
 G = Total turns spent on level
                    A         B        C        D         E        F      G
               +---------+---------+-------+---------+---------+-------+---------
         Total |       0 |   44747 |   0.0 |       0 |     387 |   0.0 | 15497
               +---------+---------+-------+---------+---------+-------+---------
           D:1 |       0 |      39 |   0.0 |       0 |      26 |   0.0 |   907
           D:2 |       0 |      98 |   0.0 |       0 |      23 |   0.0 |   732
           D:3 |       0 |     458 |   0.0 |       0 |      29 |   0.0 |   627
           D:4 |       0 |    1124 |   0.0 |       0 |      17 |   0.0 |  1420
           D:5 |       0 |     687 |   0.0 |       0 |      21 |   0.0 |  1265
           D:6 |       0 |    1948 |   0.0 |       0 |      30 |   0.0 |   848
           D:7 |       0 |    2001 |   0.0 |       0 |      32 |   0.0 |  1246
           D:8 |       0 |    3668 |   0.0 |       0 |      23 |   0.0 |   883
           D:9 |       0 |    3914 |   0.0 |       0 |      34 |   0.0 |  1053
          D:10 |       0 |    2094 |   0.0 |       0 |      18 |   0.0 |  1266
          D:11 |       0 |    5037 |   0.0 |       0 |      34 |   0.0 |  1003
        Lair:1 |       0 |    2827 |   0.0 |       0 |      14 |   0.0 |  1225
        Lair:2 |       0 |    3088 |   0.0 |       0 |      13 |   0.0 |  1294
        Lair:3 |       0 |    4475 |   0.0 |       0 |      12 |   0.0 |   369
         Orc:1 |       0 |     809 |   0.0 |       0 |      11 |   0.0 |    41
         IceCv |       0 |   12480 |   0.0 |       0 |      50 |   0.0 |  1257
               +---------+---------+-------+---------+---------+-------+---------
